[Event "TUR-ch U13-18 Open 2023"]
[Site "Antalya"]
[Date "2023.01.24"]
[Round "4"]
[White "Surucu, Efe Mustafa"]
[Black "Cakmak, Kursat Kagan"]
[Result "1/2-1/2"]
[ECO "B07"]
[WhiteElo "1770"]
[BlackElo "1510"]
[Annotator "NA RC COMBH"]
[PlyCount "96"]
[EventDate "2023.01.17"]
[EventType "swiss"]
[EventCountry "TUR"]
[SourceTitle "playchess.com"]
[Source "ChessBase"]
[SourceQuality "1"]
[TimeControl "5400+30"]

1. e4 d6 2. d4 Nf6 3. Nc3 e5 4. dxe5 dxe5 5. Qxd8+ Kxd8 6. Bg5 Nbd7 7. O-O-O Bd6 8. Bc4 Ke7 9. Nge2 h6 10. Bh4 Nb6 11. Bb3 a5 12. a3 Be6 13. Bxe6 fxe6 14. Kb1 Nbd7 15. Rd2 Nc5 16. f3 Rhd8 17. Nb5 Rac8 18. Rhd1 g5 19. Bf2 Ncxe4 20. fxe4 Nxe4 21. Nec3 Nxd2+ 22. Rxd2 Kf7 23. Ne4 Be7 24. Re2 c6 25. Nbc3 b5 26. Bb6 Rd7 27. Bxa5 Ra8 28. b4 Kg6 29. Kb2 h5 30. Bb6 Rf8 31. Bc5 Rf1 32. Ng3 Rf7 33. Bxe7 Rfxe7 34. Rxe5 Rd2 35. Nce4 Rd5 36. Rxd5 exd5 37. Nc3 d4 38. Nb1 h4 39. Nf1 Re2 40. g3 Kf5 41. Nbd2 Kg4 42. gxh4 gxh4 43. c3 d3 44. c4 Re1 45. cxb5 cxb5 46. Kc3 Kf4 47. Kxd3 Rc1 48. Ne3 Ra1 1/2-1/2

[Event "TUR-ch U13-18 Open 2023"]
[Site "Antalya"]
[Date "2023.01.24"]
[Round "4"]
[White "Kara, Goktan Can"]
[Black "Yamakoglu, Mustafa Ege"]
[Result "1-0"]
[ECO "A35"]
[WhiteElo "1755"]
[BlackElo "1372"]
[Annotator "NA RC COMBH"]
[PlyCount "161"]
[EventDate "2023.01.17"]
[EventType "swiss"]
[EventCountry "TUR"]
[SourceTitle "playchess.com"]
[Source "ChessBase"]
[SourceQuality "1"]
[TimeControl "5400+30"]

1. e4 c5 2. Nf3 Nc6 3. d4 cxd4 4. Nxd4 g6 5. c4 Bg7 6. Nxc6 bxc6 7. Be2 Nf6 8. Nc3 O-O 9. O-O d6 10. Be3 Qc7 11. Qd2 Ng4 12. Bf4 Ne5 13. b3 Be6 14. Bh6 a5 15. Bxg7 Kxg7 16. f4 Ng4 17. f5 Qb6+ 18. Kh1 Nf2+ 19. Rxf2 Qxf2 20. Rf1 Qc5 21. fxe6 fxe6 22. Bf3 e5 23. h3 Rf6 24. Na4 Qd4 25. Qc2 Raf8 26. Rd1 Qe3 27. Rd3 Qe1+ 28. Kh2 h5 29. Qd2 Qf1 30. Nc3 h4 31. Qe2 Qc1 32. Qe3 Qb2 33. Qd2 Qa3 34. Na4 Rf4 35. Qc3 Qxa2 36. Qb2 Qxb2 37. Nxb2 c5 38. Nd1 Rb8 39. Ne3 Rb7 40. Nd5 Rf8 41. Kg1 Rfb8 42. Bd1 e6 43. Ne3 Rb6 44. Nf1 Kf6 45. Nd2 Ke7 46. Kf2 Rf8+ 47. Ke3 Rf4 48. Nf3 Rb8 49. Rd2 Rb4 50. Ra2 Kf6 51. Rxa5 Rb8 52. Ra7 g5 53. Rd7 Rb6 54. Ra7 g4 55. hxg4 Rxg4 56. Nxe5 Rg3+ 57. Nf3 Rxg2 58. Nxh4 Rg1 59. Bc2 Rc1 60. Kd2 Rh1 61. Nf3 Rf1 62. Ke2 Rc1 63. Ne1 Rxc2+ 64. Nxc2 Rxb3 65. Ra3 Rb1 66. Ne3 Ke5 67. Kf3 Rh1 68. Ng4+ Kd4 69. Nf2 Rf1 70. Rd3+ Ke5 71. Rd2 d5 72. cxd5 Kd6 73. e5+ Kd7 74. d6 c4 75. Rc2 Re1 76. Ng4 Rf1+ 77. Ke4 Rg1 78. Nf6+ Kd8 79. Ra2 Kc8 80. d7+ Kc7 81. Ra7+ 1-0

[Event "TUR-ch U13-18 Open 2023"]
[Site "Antalya"]
[Date "2023.01.24"]
[Round "4"]
[White "Avsar, Gediz"]
[Black "Sevig, Mert Can"]
[Result "0-1"]
[ECO "B43"]
[WhiteElo "1748"]
[BlackElo "1738"]
[Annotator "NA RC COMBH"]
[PlyCount "88"]
[EventDate "2023.01.17"]
[EventType "swiss"]
[EventCountry "TUR"]
[SourceTitle "playchess.com"]
[Source "ChessBase"]
[SourceQuality "1"]
[TimeControl "5400+30"]

1. e4 c5 2. Nf3 e6 3. d4 cxd4 4. Nxd4 a6 5. Nc3 Qc7 6. Bd3 b5 7. O-O Bb7 8. Re1 Nf6 9. Bg5 d6 10. a4 b4 11. Na2 Be7 12. Bd2 Nbd7 13. Bxb4 Nc5 14. Nc3 O-O 15. b3 d5 16. e5 Nxd3 17. Bxe7 Nxe1 18. exf6 Qxc3 19. Bxf8 Rxf8 20. fxg7 Rc8 21. Ne2 Nf3+ 22. gxf3 Qxg7+ 23. Ng3 f5 24. f4 Rxc2 25. Qxc2 Qxa1+ 26. Kg2 d4+ 27. Kh3 Qc3 28. Qe2 Qc6 29. Qe5 Kf7 30. Qh8 Qg2+ 31. Kh4 Qxh2+ 32. Kg5 h6+ 33. Qxh6 Qxh6+ 34. Kxh6 Bg2 35. Ne2 d3 36. Nc3 a5 37. Nb1 Kf6 38. Nd2 Bd5 39. Kh5 e5 40. fxe5+ Kxe5 41. Kg5 Be6 42. f3 Kd4 43. Kf4 Kc3 44. Ke3 f4+ 0-1

[Event "TUR-ch U13-18 Open 2023"]
[Site "Antalya"]
[Date "2023.01.24"]
[Round "4"]
[White "Dolek, Gokalp Deniz"]
[Black "Tarhan, Adar"]
[Result "0-1"]
[ECO "C54"]
[WhiteElo "1740"]
[BlackElo "2321"]
[Annotator "TA"]
[PlyCount "63"]
[EventDate "2023.01.17"]
[EventType "swiss"]
[EventCountry "TUR"]
[SourceTitle "playchess.com"]
[Source "ChessBase"]
[SourceQuality "1"]
[TimeControl "5400+30"]

1. e4 e5 2. Nf3 Nc6 3. Bc4 Bc5 4. c3 Nf6 5. d3 d6 6. a4 a6 7. h3 Ba7 8. O-O O-O 9. Re1 Ne7 10. Nbd2 Ng6 {[%emt 0:00:30][%cal Oc8h3] C54: Giuoco Piano: 4 c3 Nf6, main lines with 5 d4 and 5 d3.} 11. Nf1 {[%emt 0:00:30] 11.Nf1 scores better than 11.d4.} (11. d4 {simplifies} c6 12. Bb3 exd4 13. cxd4 d5 14. exd5 Nxd5 15. Ne4) 11... Nh5 12. b4 Ngf4 {[%emt 0:01:30][%cal Ob7b5] [#] The position is equal.} 13. Bxf4 $146 (13. d4 $14) ({Predecessor:} 13. Be3 Be6 14. Bxa7 Rxa7 15. Ne3 Qf6 16. Kh2 Qh6 17. Bxe6 Qxe6 18. Ng1 Nf6 19. g3 {1-0 Fus,J (2363)-Miroshnichenko,P (2270) Krakow op-A 30th 2019 (5)}) 13... Nxf4 $11 14. Ra2 Qf6 {[%emt 0:01:30] And now ...Qg6 would win.} 15. Ng3 (15. Ne3 $15 {might be stronger.}) 15... Bd7 16. a5 Rad8 17. d4 {[%emt 0:05:30] [#]} Be6 $1 {[%emt 0:01:30] Black continues to play with concentration.} 18. d5 Bc8 19. Bf1 h5 20. h4 Bg4 21. Be2 g6 {[%emt 0:06:30] Black is much more active.} 22. Nf1 Nxe2+ ({Stronger than} 22... Bxf3 23. Bxf3 Qxh4 24. g3 $15) 23. Qxe2 Bxf3 24. Qxf3 Qxh4 25. Ng3 (25. Qd3 $17) 25... Qg5 26. Rb2 h4 27. Nf1 f5 28. b5 (28. Qh3 $142) 28... axb5 $19 29. Ree2 {[%emt 0:00:39] [#]} (29. Qh3 {was worth a try.}) 29... fxe4 {[%emt 0:01:30] Black is clearly winning.} 30. Qxe4 (30. Qh3 $142 Rf4 31. Ne3) 30... Rf4 31. Qd3 Rdf8 {[%emt 0:00:30] White must now prevent ...Rf3.} 32. Qd2 {[%emt 0:06:23] Weighted Error Value: White=0.63/Black=0.07 (flawless)} 0-1

[Event "TUR-ch U13-18 Open 2023"]
[Site "Antalya"]
[Date "2023.01.24"]
[Round "4"]
[White "Kolat, Ata"]
[Black "Harmansa, Kagan"]
[Result "1-0"]
[ECO "D02"]
[WhiteElo "1732"]
[BlackElo "1519"]
[Annotator "NA RC COMBH"]
[PlyCount "75"]
[EventDate "2023.01.17"]
[EventType "swiss"]
[EventCountry "TUR"]
[SourceTitle "playchess.com"]
[Source "ChessBase"]
[SourceQuality "1"]
[TimeControl "5400+30"]

1. d4 d5 2. Bf4 c5 3. e3 e6 4. c3 Nc6 5. Nd2 Nf6 6. Ngf3 Be7 7. Bd3 O-O 8. Ne5 Nxe5 9. dxe5 Nd7 10. Qc2 h6 11. c4 dxc4 12. Nxc4 b5 13. Be4 Rb8 14. Nd6 c4 15. O-O Nc5 16. Bh7+ Kh8 17. Rad1 Bxd6 18. exd6 Nd7 19. Be4 g5 20. Qc3+ Kg8 21. Be5 b4 22. Qd4 Qa5 23. f4 f6 24. Qxc4 Nc5 25. Qc2 fxe5 26. Bh7+ Kh8 27. Qg6 Qd8 28. Qxh6 Rb7 29. fxg5 Rg7 30. Rxf8+ Qxf8 31. Rf1 Qd8 32. Bg6+ Kg8 33. Bf7+ Rxf7 34. Rxf7 Kxf7 35. g6+ Ke8 36. Qh8+ Kd7 37. Qxd8+ Kxd8 38. g7 1-0

[Event "TUR-ch U13-18 Open 2023"]
[Site "Antalya"]
[Date "2023.01.24"]
[Round "4"]
[White "Yilmaz, Kerem Tuna"]
[Black "Ergin, Sahin"]
[Result "1/2-1/2"]
[ECO "B92"]
[WhiteElo "1706"]
[BlackElo "1878"]
[Annotator "NA RC COMBH"]
[PlyCount "109"]
[EventDate "2023.01.17"]
[EventType "swiss"]
[EventCountry "TUR"]
[SourceTitle "playchess.com"]
[Source "ChessBase"]
[SourceQuality "1"]
[TimeControl "5400+30"]

1. e4 c5 2. Nf3 d6 3. d4 cxd4 4. Nxd4 Nf6 5. Nc3 a6 6. Be2 e5 7. Nb3 h6 8. O-O Be7 9. Be3 O-O 10. f4 b5 (10... Nbd7 $11) 11. a3 (11. a4 $14 bxa4 12. Rxa4) 11... Qc7 (11... Nbd7 $15) 12. Qe1 ({Better is} 12. fxe5 $14 dxe5 13. a4) 12... Bb7 13. Bf3 Nbd7 14. Rd1 Rfe8 15. f5 (15. Qg3 $11 {keeps the balance.}) 15... Nc5 16. Nxc5 dxc5 17. Qg3 Kh8 18. Rfe1 Rad8 19. Bc1 Rd4 20. Be3 Rxd1 21. Rxd1 b4 22. Nd5 Bxd5 23. exd5 Bd6 24. Qh4 e4 25. Be2 Be5 26. d6 Bxd6 27. Bxh6 Be5 28. Be3+ Kg8 29. g4 Rd8 30. Rxd8+ Qxd8 31. Bxc5 Bd4+ 32. Bxd4 Qxd4+ 33. Kf1 bxa3 34. bxa3 Qa1+ 35. Kg2 Qxa3 36. g5 Qe3 37. Kf1 Qc1+ 38. Kf2 e3+ $11 39. Kf3 Nd5 $1 40. Qc4 (40. Bxa6 $2 {loses.} Qd1+ 41. Kg3 Qxc2 $19) 40... Qh1+ 41. Kg3 Qe1+ 42. Kg4 Qf2 43. Qc8+ Kh7 44. g6+ $1 fxg6 45. fxg6+ Kxg6 46. Bd3+ Kf6 47. Qf8+ Ke5 48. Qe8+ Kd6 49. Qd8+ Ke5 50. Qe8+ Kd4 51. Qa4+ Kc5 52. Qa5+ Kd4 53. Qa4+ Ke5 54. Qe8+ Kd6 55. Qd8+ 1/2-1/2

[Event "TUR-ch U13-18 Open 2023"]
[Site "Antalya"]
[Date "2023.01.24"]
[Round "4"]
[White "Aksu, Ata Anil"]
[Black "Gokcek, Kursat Bugra"]
[Result "0-1"]
[ECO "B23"]
[WhiteElo "1680"]
[BlackElo "2116"]
[Annotator "TA"]
[PlyCount "172"]
[EventDate "2023.01.17"]
[EventType "swiss"]
[EventCountry "TUR"]
[SourceTitle "playchess.com"]
[Source "ChessBase"]
[SourceQuality "1"]
[TimeControl "5400+30"]

1. e4 c5 2. Nc3 Nc6 3. f4 g6 4. Nf3 Bg7 5. Bb5 d6 6. Bxc6+ bxc6 7. O-O Nh6 8. Qe1 O-O 9. d3 f5 10. e5 {[%emt 0:00:30] B23: Closed Sicilian: Lines without g3.} Qc7 11. Na4 Nf7 12. exd6 (12. Kh1 $1 $14 {was preferrable.}) 12... exd6 $11 13. c4 Bd7 14. Rb1 Nd8 15. b3 Ne6 {[%emt 0:01:30] [#]} 16. Qf2 $146 ({Predecessor:} 16. g3 Rae8 17. Qd1 Nd4 18. Nxd4 cxd4 19. c5 Be6 20. cxd6 Qxd6 21. Nb2 Bd5 22. Nc4 {0-1 Blajwas,H-Byrne,R USA Annual op-ch69 1968}) 16... Qd8 (16... Rae8 $5 ) 17. g3 Bf6 18. Bb2 h6 19. h4 g5 20. hxg5 hxg5 21. Bxf6 Rxf6 22. Nxg5 Nxg5 23. fxg5 Rg6 24. Qf4 Qxg5 25. Qxg5 Rxg5 26. Kg2 Re8 27. Kf3 (27. Nc3 $142) 27... f4 28. Rbe1 {[%emt 0:10:30] Inhibits Re3+.} (28. gxf4 $11 {remains equal.} Bg4+ 29. Kg2) 28... fxg3 (28... Rxg3+ $17 29. Kxf4 Rxd3) 29. Rxe8+ Bxe8 $17 {[%emt 0:00:30][%mdl 4096] Endgame KRB-KRN} 30. Kg2 Kg7 31. Rf3 Bg6 32. Nb2 Re5 {[%emt 0:00:30] Threatens to win with ...Re2+.} 33. Kxg3 Re1 34. Rf2 Rg1+ 35. Kh2 Rg4 36. Kh3 Rg1 37. Kh2 Ra1 38. Na4 $1 Re1 (38... Bxd3 39. Rd2 Bf1 40. Kg3 $11 (40. Rxd6 Rxa2+ 41. Kg3 Bxc4 $15)) 39. Nb2 Re3 40. Kg1 Re5 41. Kf1 Re3 42. Re2 (42. Kg1 $11 {keeps the balance.}) 42... Rxd3 $1 {[%emt 0:00:40] Black is more active.} (42... Bxd3 $6 43. Nxd3 Rxd3 44. Re7+ Kf6 45. Rc7 $11) 43. Re7+ Kf6 44. Rxa7 Rd2 45. Na4 Bd3+ 46. Ke1 Re2+ (46... Rxa2 47. Rc7 $17) 47. Kd1 Rxa2 {[%emt 0:00:06] And now ...Bc2+ would win.} 48. Rc7 {[%emt 0:00:46] [#]} Bxc4 49. Nxc5 $1 $15 Be2+ 50. Kc1 dxc5 $2 (50... Ke5 $17 51. Re7+ Kd4) 51. Rxc6+ $17 {[%emt 0:00:30] KRB-KR} Ke5 52. Rxc5+ Kd4 53. Rc2 (53. Kb1 $11) 53... Ra1+ 54. Kb2 Re1 55. Rc8 $2 (55. Ka2 $11) 55... Bf3 $2 (55... Kd3 $11) 56. Rc4+ Kd5 57. Rc3 $2 (57. Rc2 $11) 57... Be4 58. Rc8 $2 (58. Ka3 $11) 58... Re2+ $2 (58... Rb1+ $11 59. Ka2 Rh1) 59. Ka3 Kd4 60. Rc4+ $2 (60. Kb4 $11) 60... Kd3 $2 (60... Kd5 $11) 61. Kb4 Bd5 $2 (61... Kd2 $11) 62. Rc3+ Kd4 63. Rh3 $2 (63. Rc1 $11) 63... Re4 64. Kb5 $2 (64. Ka3 $11) 64... Rf4 $2 (64... Be6 $11 65. Rg3 Rh4) 65. b4 $2 (65. Ka5 $11) 65... Bc4+ 66. Ka4 Rf8 $2 (66... Bf1 $11 67. Rg3 Rf2) 67. Rh5 $2 (67. Rh4+ $11 Kc3 68. Ka5) 67... Ra8+ 68. Ra5 Rb8 69. Rh5 $2 (69. b5 $11) 69... Ra8+ 70. Ra5 Rb8 71. Rh5 $2 (71. b5 $11) 71... Kc3 $2 (71... Ra8+ $11 72. Ra5) 72. Ka3 $2 {[%emt 0:00:33][%mdl 8192] [#] Black continues to play with concentration.} (72. Rh3+ $11 Bd3 73. Rh5) 72... Ra8+ $1 ({Worse is} 72... Rxb4 73. Rh3+ Bd3 74. Rxd3+ Kxd3 75. Kxb4 $11) 73. Ra5 Rb8 74. Rh5 Rb7 ({Weaker is} 74... Rxb4 75. Rh3+ Bd3 76. Rxd3+ Kxd3 77. Kxb4 $11) 75. Rg5 $2 {[%emt 0:00:30][%mdl 8192] [#]} (75. Ka4 $11) 75... Ra7+ $1 (75... Rxb4 76. Rg3+ Bd3 77. Rxd3+ Kxd3 78. Kxb4 $11) 76. Ra5 Rb7 77. Rg5 Rh7 ({And not} 77... Rxb4 78. Rg3+ Bd3 79. Rxd3+ Kxd3 80. Kxb4 $11) 78. Rg3+ $2 (78. Ka4 $11) 78... Bd3 {[%emt 0:00:30][%cal Rh7a7] Black mates.} 79. Rg5 Rh1 80. Rg2 Ra1+ 81. Ra2 Rb1 82. Rh2 Ra1+ 83. Ra2 Rb1 84. Rh2 Rxb4 85. Rh8 Rb7 86. Ra8 Bc4 {[%emt 0:00:10] Weighted Error Value: White=0.09 (flawless) /Black=0.08 (flawless)} 0-1

[Event "TUR-ch U13-18 Open 2023"]
[Site "Antalya"]
[Date "2023.01.24"]
[Round "4"]
[White "Ulku, Ahmet"]
[Black "Durucay, Uygar"]
[Result "0-1"]
[ECO "B22"]
[WhiteElo "1620"]
[BlackElo "1926"]
[Annotator "TA"]
[PlyCount "89"]
[EventDate "2023.01.17"]
[EventType "swiss"]
[EventCountry "TUR"]
[SourceTitle "playchess.com"]
[Source "ChessBase"]
[SourceQuality "1"]
[TimeControl "5400+30"]

1. e4 c5 2. Nf3 e6 3. c3 Nf6 4. e5 Nd5 5. d4 cxd4 6. cxd4 b6 7. Bc4 Bb7 8. O-O Na6 {[%emt 0:01:30] B22: Sicilian: 2 c3.} 9. Bg5 Be7 10. Bxe7 Qxe7 {[%emt 0:00:00] The position is equal.} 11. Nbd2 (11. Nfd2 $5 ) 11... f5 {[%emt 0:04:00] Against Ne4} 12. exf6 gxf6 {[%emt 0:00:30] [#]} 13. Re1 $146 ({Predecessor:} 13. Nh4 Nac7 14. Re1 O-O-O 15. Bf1 Rdg8 16. Nc4 Rg5 17. Nf3 Rg6 18. Nh4 Rg5 19. Nf3 Rg7 20. Qd2 Rhg8 21. g3 f5 22. Ne3 {½-½ Michalczak,T (2339)-Sawadkuhi,M (2259) Muensterland op 21st 2003 (5)}) 13... Nac7 14. Ne4 (14. Rc1 $11 {should be considered.}) 14... O-O-O $15 15. Qd2 (15. Bf1 $11) 15... Rdg8 (15... Nb4 $5 16. Ng3 Bxf3 17. gxf3 Kb8 $15) 16. Rac1 Kb8 (16... Qg7 17. g3 $11) 17. a4 Qg7 ({Better is} 17... Nb4 $17 {...d5 is the strong threat.} 18. Bb3 Rg4) 18. Bf1 $1 $11 Qg4 19. Ng3 h5 {[%emt 0:03:30] [#] White must now prevent ...Nf4.} 20. Re4 {[%emt 0:07:30] Inhibits Nf4.} Qg7 21. Rh4 f5 22. Rxh5 (22. a5 {keeps more tension.} bxa5 23. Qxa5 d6 24. Qa3) 22... Rxh5 23. Nxh5 Qg4 24. Ng3 d6 25. Qh6 (25. a5 {with more complications.} f4 26. axb6 axb6 27. h3) 25... Qf4 26. Qxf4 (26. Qh7 {looks sharper.} Rxg3 27. Rxc7 Rxg2+ 28. Bxg2 Nxc7 29. Qg8+) 26... Nxf4 27. Ne1 Ncd5 28. Nd3 (28. a5 $14) 28... Ng6 (28... Nxd3 $11 29. Bxd3 f4) 29. Re1 (29. Ne2 $14) 29... f4 $1 30. Ne4 Nh4 31. Kh1 Ne3 $1 {[%emt 0:03:30][%mdl 64] [#] Discovered Attack} 32. fxe3 ({Don't play} 32. Nxd6 Nexg2 33. Re4 (33. Rxe6 $2 {is the wrong capture.} Ne1+ 34. Re4 Bxe4+ 35. Nxe4 Nhf3 $19) 33... Bxe4 34. Nxe4 f3 $17) 32... Bxe4 33. Nxf4 (33. exf4 $11 Bxg2+ 34. Bxg2 Rxg2 35. Rxe6) 33... e5 $17 {[%emt 0:00:30] Black is more active.} 34. dxe5 dxe5 35. Nd3 {[%emt 0:00:14][%mdl 8192] Now White is beyond hope.} (35. Re2 $17) 35... Nxg2 $19 36. Nf2 Bf3 37. Bxg2 Rxg2 38. h4 Rxf2+ {[%emt 0:00:30][%mdl 4096] Endgame KRB-KR} 39. Kg1 Rg2+ 40. Kf1 Rh2 {[%emt 0:00:00][%cal Oe5e4] aiming for ...e4!} 41. b3 Rxh4 42. Kf2 e4 {[%emt 0:00:30] ( -> ...Rh1)} 43. Rg1 Rh2+ 44. Kg3 Rh1 45. Rxh1 {[%emt 0:00:00] Weighted Error Value: White=0.69/Black=0.28 (precise)} 0-1

[Event "TUR-ch U13-18 Open 2023"]
[Site "Antalya"]
[Date "2023.01.24"]
[Round "4"]
[White "Ilarslan, Can"]
[Black "Eroz, Enis"]
[Result "0-1"]
[ECO "B07"]
[WhiteElo "1618"]
[BlackElo "1827"]
[Annotator "NA RC COMBH"]
[PlyCount "63"]
[EventDate "2023.01.17"]
[EventType "swiss"]
[EventCountry "TUR"]
[SourceTitle "playchess.com"]
[Source "ChessBase"]
[SourceQuality "1"]
[TimeControl "5400+30"]

1. e4 d6 2. d4 Nf6 3. Bd3 Nc6 4. Ne2 e5 5. c3 d5 6. Bg5 (6. exd5 $11 Qxd5 7. O-O) 6... exd4 7. Nxd4 Nxd4 8. cxd4 dxe4 9. Bxe4 Be7 10. Bc2 Qd5 11. Bf4 $2 (11. Be3 Qxg2 12. Kd2) 11... Qxg2 12. Rf1 O-O 13. Qd3 Bh3 14. Nd2 Qg4 15. Rh1 Qxf4 16. Qxh3 Rad8 17. O-O-O Rxd4 18. a3 Rfd8 19. Qc3 Ng4 20. Rhg1 Nxf2 21. Rde1 Bf6 22. Re2 g6 23. Qg3 Qxg3 24. Rxg3 Nd3+ 25. Bxd3 Rxd3 26. Rxd3 Rxd3 27. Re8+ Kg7 28. Ne4 Bd4 29. Kc2 Re3 30. Kd2 g5 $19 31. h3 h5 32. Re7 0-1

[Event "TUR-ch U13-18 Open 2023"]
[Site "Antalya"]
[Date "2023.01.24"]
[Round "4"]
[White "Tezcan, Alper"]
[Black "Yerli, Hasan"]
[Result "1-0"]
[ECO "B40"]
[WhiteElo "1568"]
[BlackElo "1510"]
[Annotator "NA RC COMBH"]
[PlyCount "53"]
[EventDate "2023.01.17"]
[EventType "swiss"]
[EventCountry "TUR"]
[SourceTitle "playchess.com"]
[Source "ChessBase"]
[SourceQuality "1"]
[TimeControl "5400+30"]

1. e4 c5 2. Nf3 e6 3. d4 cxd4 4. Nxd4 Qb6 5. Nb3 Qc7 6. g3 a6 7. Bg2 d6 8. O-O Nd7 9. Nc3 b5 10. a4 bxa4 11. Rxa4 Nc5 12. Nxc5 Qxc5 13. Be3 Qc7 14. Qd4 Rb8 15. Rc4 Qd8 16. Rd1 e5 17. Qa7 Be6 18. Rc7 Nf6 19. Nd5 Bxd5 20. exd5 Rxb2 21. Bh3 Rb8 22. Bb6 g5 23. Bf5 Rg8 24. Rb7 Ra8 25. Bxd8 Rxa7 26. Rxa7 Kxd8 27. Rb1 1-0

[Event "TUR-ch U13-18 Open 2023"]
[Site "Antalya"]
[Date "2023.01.24"]
[Round "4"]
[White "Manas, Eren"]
[Black "Ozgun, Yigit Deniz"]
[Result "1/2-1/2"]
[ECO "B45"]
[WhiteElo "1535"]
[BlackElo "1769"]
[Annotator "NA RC COMBH"]
[PlyCount "215"]
[EventDate "2023.01.17"]
[EventType "swiss"]
[EventCountry "TUR"]
[SourceTitle "playchess.com"]
[Source "ChessBase"]
[SourceQuality "1"]
[TimeControl "5400+30"]

1. e4 c5 2. Nf3 Nc6 3. d4 cxd4 4. Nxd4 Nf6 5. Nc3 e6 6. g3 Bb4 7. Bg2 O-O 8. O-O d6 9. Nce2 a6 10. c4 e5 11. Nc2 Bc5 12. h3 Be6 13. b3 b5 14. cxb5 axb5 15. Be3 Qb6 16. Nc3 Rfd8 17. Nd5 Bxd5 18. exd5 Nb8 19. Bg5 Nbd7 20. b4 Bd4 21. Nxd4 exd4 22. Qb3 h6 23. Bxf6 Nxf6 24. Rfc1 Qa7 25. Qd3 Rab8 26. Rc6 Kf8 27. a3 Kg8 28. Kh2 Kf8 29. Rac1 Ra8 30. Qxb5 Qxa3 31. Qc4 Rab8 32. b5 Qb2 33. Rc2 Qxb5 34. Qxd4 Kg8 35. Ra2 Rb7 36. Raa6 Ne8 37. Qh4 Rbb8 38. Ra7 Nf6 39. Qf4 Qb4 40. Rc4 Qb6 41. Rcc7 Rf8 42. g4 Qb4 43. Qf3 Qd4 44. Re7 Rb2 45. Qe3 Qxe3 46. Rxe3 Rxf2 47. Kg3 Rd2 48. Ree7 Rd4 49. Bf3 Rd3 50. Kf2 Nxd5 51. Bxd5 Rxd5 52. Rad7 Rd3 53. h4 Rd4 54. Kg3 d5 55. g5 hxg5 56. hxg5 g6 57. Re5 Ra8 58. Rdxd5 Ra3+ 59. Kf2 Rf4+ 60. Kg2 Rg4+ 61. Kf2 Kg7 62. Re3 Rf4+ 63. Kg3 Raa4 64. Ree5 Rfb4 65. Kf3 Ra1 66. Rb5 Rh4 67. Kg3 Rhh1 68. Kf3 Rhg1 69. Rbd5 Raf1+ 70. Ke2 Rf4 71. Ke3 Rgf1 72. Re4 Rf5 73. Rxf5 Rxf5 74. Rg4 Kf8 75. Ke4 Ke7 76. Rg3 Ke6 77. Rg4 Ra5 78. Rg1 Ra4+ 79. Ke3 Ke5 80. Rb1 Ra3+ 81. Ke2 Ra7 82. Rf1 Ke6 83. Rf6+ Ke7 84. Kf3 Ra1 85. Rb6 Ra4 86. Kg3 Re4 87. Kf3 Re5 88. Kf4 Rf5+ 89. Kg4 Kd7 90. Ra6 Kc7 91. Kh4 Kd7 92. Kg4 Rb5 93. Kf4 Rd5 94. Rb6 Rd6 95. Rb7+ Ke6 96. Rb4 Rd1 97. Rb6+ Ke7 98. Rb7+ Kf8 99. Ra7 Rh1 100. Kg4 Rb1 101. Kf4 Rb4+ 102. Kf3 Rb5 103. Kg4 Re5 104. Kf4 Re7 105. Ra8+ Kg7 106. Ra6 Rb7 107. Rc6 Re7 108. Ra6 1/2-1/2

[Event "TUR-ch U13-18 Open 2023"]
[Site "Antalya"]
[Date "2023.01.24"]
[Round "4"]
[White "Cakir, Mert"]
[Black "Hasirci, Ozgur Deniz"]
[Result "0-1"]
[ECO "B99"]
[WhiteElo "1530"]
[BlackElo "1773"]
[Annotator "NA RC COMBH"]
[PlyCount "97"]
[EventDate "2023.01.17"]
[EventType "swiss"]
[EventCountry "TUR"]
[SourceTitle "playchess.com"]
[Source "ChessBase"]
[SourceQuality "1"]
[TimeControl "5400+30"]

1. e4 c5 2. Nf3 d6 3. d4 cxd4 4. Nxd4 Nf6 5. Nc3 a6 6. Bg5 e6 7. f4 Be7 8. Qf3 Qc7 9. O-O-O Nbd7 10. g4 h6 11. Bxf6 Bxf6 12. h4 Nb6 13. g5 Bxd4 14. Rxd4 Qc5 15. Rd2 Bd7 16. g6 fxg6 17. Be2 O-O-O 18. Rhd1 Be8 19. Qh3 Bf7 20. Nd5 Kb8 21. Nxb6 Qxb6 22. Bc4 Rhe8 23. f5 gxf5 24. exf5 Bh5 25. Rf1 exf5 26. Qxf5 Re5 27. Qf4 Rde8 28. Qg3 Qb4 29. Bd5 Re3 30. c3 Qxc3+ 31. bxc3 Rxg3 32. Kb2 Re7 33. Rf5 Bg6 34. Rf8+ Kc7 35. Rd4 Be8 36. Rc4+ Bc6 37. Kb3 Rg1 38. Ra8 Rb1+ 39. Kc2 Rb6 40. Bf3 Re3 41. Bg4 d5 42. Rf4 Re7 43. h5 Bd7 44. Bf3 Rd6 45. Rb4 Bc6 46. Rf8 Rd8 47. Rf5 Kd6 48. Kd3 Re5 49. Rf7 0-1

[Event "TUR-ch U13-18 Open 2023"]
[Site "Antalya"]
[Date "2023.01.24"]
[Round "4"]
[White "Arslan, Mustafa Alparslan"]
[Black "Celik, Ege Yigit"]
[Result "0-1"]
[ECO "B20"]
[WhiteElo "1439"]
[BlackElo "1891"]
[Annotator "NA RC COMBH"]
[PlyCount "64"]
[EventDate "2023.01.17"]
[EventType "swiss"]
[EventCountry "TUR"]
[SourceTitle "playchess.com"]
[Source "ChessBase"]
[SourceQuality "1"]
[TimeControl "5400+30"]

1. e4 c5 2. b3 Nc6 3. Bb2 e5 4. Bb5 d6 5. Nc3 g6 6. Nge2 Bg7 7. O-O Nge7 8. Nd5 O-O 9. Bxc6 bxc6 10. Nxe7+ Qxe7 11. f4 f5 12. d3 (12. fxe5 $11 Bxe5 13. Bxe5 Qxe5 14. exf5) 12... fxe4 13. dxe4 Bg4 14. h3 (14. fxe5 $15 {deserves consideration.} Rxf1+ 15. Qxf1) 14... Bxe2 15. Qxe2 exf4 16. Bxg7 Kxg7 17. Qg4 h5 18. Qf3 Rae8 19. Rad1 Rf6 ({Inferior is} 19... Qxe4 20. Qxe4 Rxe4 21. Rxd6 $11) 20. Rfe1 Qe5 21. c4 Kh6 22. h4 Rg8 23. Re2 g5 24. hxg5+ Rxg5 25. Kh2 Rg3 26. Qf2 Rfg6 27. Kh1 {[%emt 0:02:32] [#]} f3 $1 {[%emt 0:00:30] Deflection} 28. gxf3 Rh3+ 29. Qh2 Rxh2+ 30. Rxh2 Qg3 31. Rf1 Rf6 $19 32. Rhf2 Qh3+ 0-1

[Event "TUR-ch U13-18 Open 2023"]
[Site "Antalya"]
[Date "2023.01.24"]
[Round "4"]
[White "Aydogdu, Ali Emre"]
[Black "Turk, Talha Gunes"]
[Result "0-1"]
[ECO "A26"]
[WhiteElo "1375"]
[BlackElo "1657"]
[Annotator "NA RC COMBH"]
[PlyCount "60"]
[EventDate "2023.01.17"]
[EventType "swiss"]
[EventCountry "TUR"]
[SourceTitle "playchess.com"]
[Source "ChessBase"]
[SourceQuality "1"]
[TimeControl "5400+30"]

1. Nf3 g6 2. g3 Bg7 3. Bg2 d6 4. O-O e5 5. d3 Ne7 6. c4 O-O 7. Nc3 Nbc6 8. Rb1 h6 9. b4 f5 10. Nd2 g5 11. b5 Nb8 12. e3 a6 13. a4 axb5 14. axb5 f4 15. Nd5 Nd7 16. Nxe7+ Qxe7 17. Ne4 Nf6 18. Nxf6+ Qxf6 19. exf4 exf4 20. Bb2 Qg6 21. Re1 Bxb2 22. Rxb2 Qf6 23. Bd5+ Kh8 24. Rbe2 fxg3 25. f3 Qd4+ 26. Kh1 g4 27. Qd2 Qf6 28. Re6 Bxe6 29. Rxe6 Ra1+ 30. Re1 gxf3 0-1

[Event "TUR-ch U13-18 Open 2023"]
[Site "Antalya"]
[Date "2023.01.24"]
[Round "4"]
[White "Arslan, Efe"]
[Black "Cicek, Bilal Emre"]
[Result "1/2-1/2"]
[ECO "B45"]
[WhiteElo "1244"]
[BlackElo "1538"]
[Annotator "NA RC COMBH"]
[PlyCount "56"]
[EventDate "2023.01.17"]
[EventType "swiss"]
[EventCountry "TUR"]
[SourceTitle "playchess.com"]
[Source "ChessBase"]
[SourceQuality "1"]
[TimeControl "5400+30"]

1. e4 c5 2. Nf3 e6 3. d4 cxd4 4. Nxd4 Nf6 5. Nc3 Nc6 6. Nxc6 bxc6 7. e5 Nd5 8. Nxd5 cxd5 9. Bd3 Ba6 10. O-O Bxd3 11. Qxd3 d6 12. Bf4 Be7 13. exd6 Bxd6 14. Bxd6 Qxd6 15. Rfd1 Rd8 16. Qd4 O-O 17. Qxa7 Rb8 18. Qd4 Rb4 19. Qc3 Qb8 20. b3 Rc8 21. Qd3 Re4 22. a4 g6 23. a5 Rb4 24. a6 Qa7 25. Rdb1 Rc7 26. c3 Rb6 27. b4 Qb8 28. Qg3 Ra7 1/2-1/2